 Dungeon Crawl Stone Soup version 0.30-b1-2-g02819fbbbe (webtiles) character file.

Game seed: 14768175668258089066

7759 Flugkiller the Fighter (level 11, -2/74 HPs)
             Began as a Gargoyle Fighter on May 13, 2023.
             Was a Believer of Zin.
             Slain by a manticore (14 damage)
             ... on level 11 of the Dungeon.
             The game lasted 00:16:41 (11158 turns).

Flugkiller the Fighter (Gargoyle Fighter)          Turns: 11158, Time: 00:16:42

Health: -2/74      AC: 27    Str: 23    XL:     11   Next: 20%
Magic:  13/13      EV:  6    Int: 13    God:    Zin [**....]
Gold:   467        SH:  5    Dex:  9    Spells: 10/10 levels left

rFire   . . .        a - +0 war axe
rCold   + . .        c - +0 buckler
rNeg    + . .        E - +0 plate armour
rPois   ∞            I - +2 helmet {Int+3}
rElec   +            H - +1 cloak {Will+}
rCorr   .            (no gloves)
SInv    .            F - +1 pair of boots
Will    +....        (no amulet) Stlth
                     (no ring)
HPRegen 0.32/turn    p - ring of protection from cold
MPRegen 0.13/turn

%: no passive effects
@: mighty
A: sickness immunity, AC +8, negative energy resistance 1, electricity
resistance, torment resistance 1, petrification resistance, iridescent scales 1,
deformed body, shaggy fur 1
a: Renounce Religion, Recite, Vitalisation, Donate Gold


You were on level 11 of the Dungeon.
You worshipped Zin.
Zin was pleased with you.
You visited 2 branches of the dungeon, and saw 12 of its levels.

You collected 646 gold pieces.
You spent 128 gold pieces at shops.
You donated 51 gold pieces to Zin.

Inventory:

Hand Weapons
 a - a +0 war axe (weapon)
 v - a +1 short sword of distortion
   (You took it off an orc on level 3 of the Dungeon)
Missiles
 s - 2 javelins (quivered)
Armour
 c - a +0 buckler (worn)
 f - a scarf of repulsion
   (You found it on level 1 of the Dungeon)
 j - a scarf of harm
   (You found it on level 5 of the Dungeon)
 E - a +0 plate armour (worn)
   (You took it off an orc warrior on level 7 of the Dungeon)
 F - a +1 pair of boots (worn)
   (You found it on level 7 of the Dungeon)
 H - a +1 cloak of willpower (worn)
   (You took it off Crazy Yiuf on level 5 of the Dungeon)
 I - a +2 helmet of intelligence (worn)
   (You found it on level 8 of the Dungeon)
 K - a +2 cloak
   (You took it off Maurice on level 8 of the Dungeon)
Jewellery
 e - a ring of fire
   (You found it on level 1 of the Dungeon)
 p - a ring of protection from cold (right hand)
   (You found it on level 8 of the Dungeon)
 y - a ring of ice
   (You found it on level 6 of the Dungeon)
Wands
 m - a wand of flame (2)
   (You found it on level 2 of the Dungeon)
 J - a wand of polymorph (14)
   (You took it off Maurice on level 8 of the Dungeon)
 M - a wand of iceblast (3)
   (You found it on level 9 of the Dungeon)
Scrolls
 b - a scroll of magic mapping
 k - 2 scrolls of enchant weapon
 n - 2 scrolls of fear
 r - 3 scrolls of identify
 t - 5 scrolls of teleportation
 u - a scroll of brand weapon
 x - 3 scrolls of fog
 z - a scroll of blinking
 A - a scroll of poison
 B - a scroll of immolation
 G - 2 scrolls of vulnerability
Potions
 d - a potion of might
 g - a potion of mutation
 h - 4 potions of haste
 i - 2 potions of attraction
 l - 3 potions of lignification
 o - 4 potions of brilliance
 q - 2 potions of curing
 D - a potion of invisibility
Miscellaneous
 C - a piece from Xom's chessboard (15/15)
   (You found it on level 6 of the Dungeon)


   Skills:
 + Level 11.1 Fighting
 * Level 9.2 Axes
 + Level 8.2 Armour
 + Level 8.2 Shields
 * Level 2.8 Invocations
 + Level 0.0 Evocations


You had 10 spell levels left.
You didn't know any spells.
Your spell library contained the following spells:

 Spells                   Type           Power      Damage    Failure   Level
 Apportation              Tloc           0%         N/A       99%         1
 Freeze                   Ice            0%         1d3       99%         1
 Necrotise                Necr           0%         1d4       99%         1
 Summon Small Mammal      Summ           0%         N/A       99%         1
 Frozen Ramparts          Ice            0%         1d1       100%        3
 Hailstorm                Conj/Ice       0%         3d3       100%        3
 Ignite Poison            Fire/Tmut/Pois 0%         N/A       100%        3
 Volatile Blastmotes      Fire/Tloc      0%         2d10      100%        3
 Fulminant Prism          Conj/Hex       0%         3d5       100%        4
 Iskenderun's Mystic Bla  Conj/Tloc      0%         2d3       100%        4
 Freezing Cloud           Conj/Ice/Air   0%         6-21      100%        5
 Lee's Rapid Deconstruct  Erth           0%         3d4*      100%        5
 Cigotuvi's Dreadful Rot  Necr/Pois/Air  Unusable   N/A       N/A         2

Dungeon Overview and Level Annotations

Branches:
Dungeon (11/15) Zot: 26600  Temple (1/1) D:5 Zot: 5487    Lair (0/5) D:10
    Orc: D:9-12

Altars:
Ashenzari
Cheibriados
Dithmenos
Elyvilon
Fedhas
Gozag
Hepliaklqana
Kikubaaqudgha
Makhleb
Nemelex Xobeh
Okawaru
Qazlal
Ru
Sif Muna
Trog
Uskayaw
Vehumet
Wu Jian
Xom
Yredelemnul
Zin
The Shining One

Shops:
D:2 *   D:7 *

Annotations:
D:9 Maggie


Innate Abilities, Weirdness & Mutations

You are immune to sickness and miasma.
Your stone body is resilient. (AC +8)
You are immune to poison.
You resist negative energy. (rN+)
You are resistant to electric shocks. (rElec)
You are resistant to unholy torment.
You are immune to petrification.
You are partially covered in iridescent scales. (AC +2)
Armour fits poorly on your strangely shaped body.
You are covered in fur. (AC +1)


Message History

Things that are here:
+0 acid dragon scales; an acid dragon corpse You start resting.
HP restored.
There is a stone staircase leading down here.
You climb downwards.
There is a stone staircase leading up here.
You hit the centaur.
The centaur is moderately wounded.
The centaur unwields a +0 shortbow.
The centaur hits you but does no damage.
The centaur kicks you but does no damage.
You block the centaur's attack. x2
You slash the centaur!
The centaur is almost dead.
You block the centaur's attack.
The centaur kicks you but does no damage.
You slash the centaur!
You kill the centaur!
You see here a +0 shortbow.
No target in view!
Things that are here:
a +0 shortbow; a centaur corpse
Found a stone staircase leading down.
Things that are here:
a +0 shortbow of freezing; a centaur skeleton
t - 5 scrolls of teleportation (gained 1)
You open the door.
Found a cloak and a war axe.
There is an open door here.
You see here a +0 war axe.
You open the door.
Found a stone staircase leading down.
There is an open door here.
There is a stone staircase leading down here.
You pay a tithe of 1 gold.
You now have 467 gold pieces (gained 16).
A manticore comes into view.
The manticore flicks its tail.
The volley of spikes hits you!
The barbed spikes become lodged in your body.
A manticore is nearby!
The manticore flicks its tail.
You block the volley of spikes.
The manticore flicks its tail.
The volley of spikes hits you!
The barbed spikes become lodged in your body.
The barbs in your skin will harm you if you move.
Continue?
Okay, then.
You hit the manticore but do no damage. The manticore bites you!
The manticore barely misses you.
The manticore claws you but does no damage.
You hit the manticore but do no damage. The manticore bites you!
The manticore claws you but does no damage. x2
You slash the manticore!
The manticore is moderately wounded.
The manticore bites you but does no damage.
The manticore claws you but does no damage. x2
Okay, then.
Unknown command.
Okay, then.
You hit the manticore but do no damage.
The manticore is moderately wounded.
The manticore bites you but does no damage.
You block the manticore's attack. The manticore claws you.
* * * LOW HITPOINT WARNING * * *
Unknown command.
You feel much better.
The manticore bites you but does no damage.
The manticore claws you but does no damage. x2
You closely miss the manticore.
The manticore is moderately wounded.
You carefully extract the barbed spikes from your body.
The manticore bites you.
The manticore claws you but does no damage. x2
You closely miss the manticore.
The manticore is moderately wounded.
The manticore bites you but does no damage.
The manticore claws you but does no damage. x2
You feel very mighty all of a sudden. The manticore bites you!
* * * LOW HITPOINT WARNING * * *
The manticore claws you.
* * * LOW HITPOINT WARNING * * *
The manticore claws you but does no damage.
You slash the manticore!
The manticore is moderately wounded.
The manticore bites you.
* * * LOW HITPOINT WARNING * * *
The manticore claws you but does no damage. x2
You barely miss the manticore.
The manticore is moderately wounded.
The manticore bites you.
* * * LOW HITPOINT WARNING * * *
You block the manticore's attack.
The manticore claws you but does no damage.
You slash the manticore!
The manticore is heavily wounded.
The manticore bites you!
You die...

##...## #.## ##+#
##.. #.# ### #.#
##.## # ##...## ...
#.....#
.....######...######
#..H@...........#####
###############......
#######


You could see a manticore.

Vanquished Creatures
  Pikel (D:7)
  Maurice (D:8)
  A troll (D:10)
  A hornet (D:10)
  Sigmund (D:6)
  A vampire (D:9)
  3 yaks (D:9)
  A shadow (D:10)
  A wyvern (D:9)
  A steam dragon (D:9)
  An acid dragon (D:10)
  Duvessa (D:5)
  3 water moccasins (D:7)
  2 sky beasts
  7 orc warriors
  3 black bears
  3 ogres
  5 centaurs
  3 phantoms
  3 kobold brigands
  4 bullfrogs
  2 gnoll sergeants (D:9)
  3 scorpions
  5 wights (D:9)
  Dowan (D:5)
  8 killer bees
  6 howler monkeys
  2 hounds
  Crazy Yiuf (D:5)
  11 orc priests
  3 jellies (D:7)
  An iguana (D:7)
  2 sleepcaps
  Natasha (thrice) (D:4)
  7 orc wizards
  11 gnolls
  5 adders
  2 shadow imps (D:7)
  3 white imps
  2 ufetubi
  2 worms
  A dart slug (D:4)
  42 orcs
  10 ball pythons
  9 endoplasms
  4 giant cockroaches
  3 goblins (D:1)
  11 hobgoblins
  13 jackals
  19 kobolds
  4 quokkas
  7 bats
  3 frilled lizards (D:2)
  5 rats
258 creatures vanquished.

Vanquished Creatures (others)
  An orc wizard (D:8)
  A kobold (D:9)
  4 plants
6 creatures vanquished.

Grand Total: 264 creatures vanquished

Notes
Turn   | Place    | Note
-------+----------+-------------------------------------------
     0 | D:1      | Flugkiller the Gargoyle Fighter began the quest for the
                  | Orb.
     0 | D:1      | Reached XP level 1. HP: 14/14 MP: 1/1
    88 | D:1      | Reached XP level 2. HP: 14/19 MP: 2/2
   243 | D:1      | Reached XP level 3. HP: 15/24 MP: 3/3
   663 | D:2      | Found Jupliuc's Assorted Antiques.
   674 | D:2      | Bought a scroll labelled ARRINLAGUJ for 32 gold pieces
   766 | D:2      | Reached skill level 4 in Fighting
   783 | D:2      | Found a faded altar of an unknown god.
  1063 | D:2      | Reached XP level 4. HP: 29/29 MP: 4/4
  1421 | D:2      | Bought a scroll labelled JOAWEB ZUIF for 32 gold pieces
  1421 | D:2      | Bought a scroll labelled LIDGHO VUOX for 32 gold pieces
  2239 | D:4      | Identified the +6 long sword "Maytopp" {flame, Int+2}
  2285 | D:4      | Noticed Natasha
  2295 | D:4      | Killed Natasha
  2296 | D:4      | Reached XP level 5. HP: 25/34 MP: 5/5
  2358 | D:4      | Noticed Natasha
  2379 | D:4      | Killed Natasha
  2460 | D:2      | Bought a scroll labelled TOKHLO ROSUODES for 32 gold pieces
  2779 | D:4      | Reached XP level 6. HP: 40/40 MP: 6/6
  2912 | D:4      | Reached skill level 5 in Fighting
  3120 | D:4      | Noticed Natasha
  3135 | D:4      | Killed Natasha
  3250 | D:4      | Found a glowing golden altar of the Shining One.
  3567 | D:5      | Entered Level 5 of the Dungeon
  3675 | D:5      | Noticed an orc warrior
  3716 | D:5      | Noticed a black bear
  3734 | D:4      | Killed a black bear
  3735 | D:4      | Reached XP level 7. HP: 23/45 MP: 7/7
  3858 | D:5      | Found a hazy altar of Hepliaklqana.
  3858 | D:5      | Found a snail-covered altar of Cheibriados.
  3918 | D:5      | Gained mutation: You are covered in fur. (AC +1) [potion of
                  | mutation]
  3918 | D:5      | Gained mutation: Armour fits poorly on your strangely
                  | shaped body. [potion of mutation]
  3918 | D:5      | Gained mutation: You are partially covered in iridescent
                  | scales. (AC +2) [potion of mutation]
  3938 | D:5      | Reached skill level 6 in Fighting
  3966 | D:5      | Noticed Duvessa
  3966 | D:5      | Noticed Dowan
  3997 | D:5      | Killed Duvessa
  4011 | D:5      | Killed Dowan
  4141 | D:5      | Found a shadowy altar of Dithmenos.
  4158 | D:5      | Reached skill level 5 in Shields
  4212 | D:5      | Found a staircase to the Ecumenical Temple.
  4320 | D:5      | Reached skill level 5 in Armour
  4320 | D:5      | Reached XP level 8. HP: 52/52 MP: 8/8
  4326 | Temple   | Entered the Ecumenical Temple
  5301 | D:5      | Reached skill level 5 in Axes
  5458 | D:5      | Found a runed translucent door.
  5459 | D:5      | Noticed Crazy Yiuf
  5474 | D:6      | Noticed Sigmund
  5625 | D:6      | Killed Sigmund
  5626 | D:6      | Reached skill level 7 in Fighting
  5755 | D:6      | Found a radiant altar of Vehumet.
  6243 | D:6      | Found a shimmering altar of Xom.
  6303 | D:6      | Reached XP level 9. HP: 56/59 MP: 9/9
  6574 | D:7      | Found a stormy altar of Qazlal.
  6574 | D:7      | Found a blossoming altar of Fedhas.
  6605 | D:7      | Reached skill level 8 in Fighting
  6769 | D:7      | Found Texa Qech's Island Escapes.
  6846 | D:7      | Found an opulent altar of Gozag.
  7291 | D:7      | Found a basalt altar of Yredelemnul.
  7354 | D:7      | Noticed Pikel
  7368 | D:7      | Killed Pikel
  7430 | D:7      | Reached skill level 9 in Fighting
  7784 | D:7      | Reached XP level 10. HP: 45/66 MP: 10/10
  8185 | D:7      | Noticed a kobold demonologist
  8186 | D:7      | Noticed a white ugly thing
  8427 | D:8      | Noticed Maurice
  8440 | D:8      | Killed Maurice
  8441 | D:8      | Reached skill level 10 in Fighting
  9322 | D:9      | Noticed Maggie
  9597 | Temple   | Became a worshipper of Zin the Law-Giver
  9597 | Temple   | Reached * piety under Zin
  9597 | Temple   | Reached ** piety under Zin
  9669 | D:5      | Killed Crazy Yiuf
  9970 | D:10     | Entered Level 10 of the Dungeon
 10032 | D:10     | Reached skill level 1 in Invocations
 10040 | D:10     | Reached XP level 11. HP: 50/73 MP: 10/12
 10147 | D:10     | Reached skill level 11 in Fighting
 10503 | D:10     | Found a staircase to the Lair.
 11141 | D:11     | Noticed a manticore
 11158 | D:11     | Slain by a manticore

Illustrated notes

Levels and vault maps discovered:
D:1:      dpeg_arrival_rhombus, layout_rooms
D:2:      layout_basic, basic_ecumenical_altar, serial_shops, shop
D:3:      layout_loops_ring, chequers_serial_rivers_large_a
D:4:      layout_loops_corners, general_overflow_altar, uniq_natasha
D:5:      layout_basic, mainiacjoe_overflow_divided_tiny,
          nicolae_dithmenos_shadow_blocks, minmay_temple_entry_proselytizer,
          st_stairs_12, uniq_duvessa, uniq_crazy_yiuf_cottage
D:6:      nicolae_cairo_tiling_large_dashed, layout_layer_cave,
          nicolae_vehumet_altar_sigil, xom_butterflies, uniq_sigmund
D:7:      kennysheep_windowed_halls, layout_basic,
          grunt_temple_overflow_forces_of_nature, mainiacjoe_overflow_alcove_1,
          mainiacjoe_overflow_concentric_impassable, nicolae_island_escapes,
          uniq_pikel
D:8:      layout_rooms, uniq_maurice
D:9:      layout_basic, uniq_maggie
D:10:     layout_irregular_city, david_lair_shrubbed
D:11:     layout_loops_corners, erik_orc_4, grunt_ministairs_12, uniq_harold
Temple:   minmay_temple_forest_path

Skill      XL: |  1  2  3  4  5  6  7  8  9 10 11 |
---------------+----------------------------------+-----
Axes           | 2 3 4 6 7 8 9 |  9.2
Fighting       | 4 5 6 7 9 10 11 | 11.1
Armour         | 4 5 6 8 |  8.2
Shields        | 4 5 6 7 8 |  8.2
Invocations    | 1 2 |  2.8

Action                     |  1- 3 |  4- 6 |  7- 9 | 10-12 || total
---------------------------+-------+-------+-------+-------++-------
  Melee: War axe           |   133 |    88 |    75 |   374 ||   670
         Long sword        |       |   105 |   198 |       ||   303
         Unarmed           |       |       |    10 |     6 ||    16
  Throw: Javelin           |       |       |     4 |       ||     4
  Evoke: Wand              |       |     4 |     4 |     3 ||    11
         Piece from Xom's  |       |       |       |     4 ||     4
    Use: Scroll            |     3 |     4 |     4 |     8 ||    19
         Potion            |       |     1 |     6 |     3 ||    10
   Stab: Petrified         |       |       |       |     6 ||     6
         Confused          |       |       |       |     2 ||     2
 Armour: Scale mail        |   108 |   130 |    92 |       ||   330
         Skin              |       |       |    12 |       ||    12
         Plate armour      |       |       |   100 |   380 ||   480
  Dodge: Dodged            |    77 |    87 |   100 |   134 ||   398
         Repelled          |       |     1 |     2 |       ||     3
  Block: Buckler           |    30 |    51 |    64 |   118 ||   263
